 Dungeon Crawl Stone Soup version 0.32-a0-841-g4648e6c457 (webtiles) character file.

Game seed: 6216114409347250613

4 Esekla the Chucker (level 1, -1/13 HPs)
             Began as a Demonspawn Wanderer on Mar 27, 2024.
             Slain by a kobold
             ... wielding a +0 dagger
              (2 damage)
             ... on level 1 of the Dungeon.
             The game lasted 00:02:58 (191 turns).

Esekla the Chucker (Demonspawn Wanderer)             Turns: 191, Time: 00:02:59

Health: -1/13      AC:  3    Str: 15    XL:     1   Next: 50%
Magic:  3/3        EV: 10    Int: 12    God:
Gold:   8          SH:  0    Dex:  9    Spells: 4/4 levels left

rFire   . . .        a - +0 dagger
rCold   . . .        (no shield)
rNeg    . . .        d - +0 leather armour
rPois   .            (no helmet)
rElec   .            (no cloak)
rCorr   .            (no gloves)
SInv    .            (no boots)
Will    .....        (no amulet)
Stlth   +            (no ring)
HPRegen 0.22/turn    (no ring)
MPRegen 0.08/turn

%: no passive effects
@: no status effects
A: no striking features
a: no special abilities


You were on level 1 of the Dungeon.
You visited 1 branch of the dungeon, and saw 1 of its levels.

You collected 8 gold pieces.

Inventory:

Hand Weapons
 a - a +0 dagger (weapon)
Missiles
 b - 12 poisoned darts (quivered)
Armour
 d - a +0 leather armour (worn)
Scrolls
 e - a scroll of teleportation {unknown}
Potions
 c - 2 potions of attraction
 f - a potion of enlightenment {unknown}
 g - a potion of might {unknown}


   Skills:
 + Level 3.6 Throwing
 * Level 2.1 Spellcasting
 - Level 3.2 Necromancy
 * Level 1.1 Translocations


You had 4 spell levels left.
You didn't know any spells.
Your spell library contained the following spells:

 Spells                   Type           Power      Damage    Failure   Level
 Necrotise                Necr           36%        1d5       9%          1
 Sublimation of Blood     Necr           9%         N/A       13%         2
 Kiss of Death            Conj/Necr      20%        2d7       17%         1
 Blink                    Tloc           8%         N/A       30%         2
 Momentum Strike          Conj/Tloc      4%         3d8       36%         2


Dungeon Overview and Level Annotations

Branches:
Dungeon (1/15)

Altars:


Message History

The kobold shouts!
An endoplasm comes into view.
The endoplasm quivers.
The endoplasm closely misses you. The goblin attacks as it pursues you!
The goblin barely misses you. The endoplasm freezes you.
You are frozen.
You barely miss the goblin. You barely miss the goblin.
The goblin hits you with a +0 club.
You barely miss the goblin. The goblin barely misses you.
You hit the goblin.
The goblin is moderately wounded.
The goblin closely misses you.
You hit the goblin.
You kill the goblin!
You hit the endoplasm.
The endoplasm is moderately wounded.
The endoplasm hits you.
You hit the endoplasm but do no damage.
The endoplasm is moderately wounded.
The endoplasm barely misses you.
You hit the endoplasm.
The endoplasm is almost dead.
The endoplasm misses you.
You hit the endoplasm.
You kill the endoplasm!
You hit the kobold but do no damage. The kobold hits you with a +0 dagger.
You closely miss the kobold. The kobold hits you with a +0 dagger.
* * * LOW HITPOINT WARNING * * *
You hit the kobold.
The kobold is moderately wounded.
The kobold hits you but does no damage.
You closely miss the kobold.
The kobold is moderately wounded.
The kobold hits you with a +0 dagger.
* * * LOW HITPOINT WARNING * * *
You closely miss the kobold.
The kobold is moderately wounded.
The kobold hits you with a +0 dagger.
You die...

### ..# #
#.# #.###
#.#
#.....#@#
###...#K#
........#
###.#.#.#
#.#.# #.#.#
.#####.#.#.
.....g...#..
######+#.#.#


You could see a kobold.

Vanquished Creatures
  An endoplasm (D:1)
  A goblin (D:1)
  A kobold (D:1)
3 creatures vanquished.

Notes
Turn   | Place    | Note
-------+----------+-------------------------------------------
     0 | D:1      | Esekla the Demonspawn Wanderer began the quest for the Orb.
     0 | D:1      | Esekla set off with the following items: a +0 dagger, 12
                  | poisoned darts, a potion of attraction, a +0 leather
                  | armour; and the following spells available to memorise:
                  | Necrotise, Sublimation of Blood, Kiss of Death, Blink,
                  | Momentum Strike.
     0 | D:1      | Reached XP level 1. HP: 13/13 MP: 3/3
   191 | D:1      | Slain by a kobold

Illustrated notes

Levels and vault maps discovered:
D:1:      nagdon_arrival_zigzag_paths, layout_basic

Action                     || total
---------------------------++-------
  Melee: Dagger            ||    29
 Armour: Leather armour    ||    14
  Dodge: Dodged            ||    13

Table legend: (Time is in decaauts)
 A = Elapsed time spent in this place.
 B = Non-inter-level travel time spent in this place.
 C = Inter-level travel time spent in this place.
 D = Time resting spent in this place.
 E = Time spent auto-exploring this place.
 F = Levels seen in this place.
 G = Mean time per level.
                   A        B        C        D        E       F      G
               +--------+--------+--------+--------+--------+-----+--------+
         Total |    191 |    191 |      0 |     20 |     45 |   1 |  191.0 |
       Dungeon |    191 |    191 |      0 |     20 |     45 |   1 |  191.0 |
               +--------+--------+--------+--------+--------+-----+--------+

Top non-repeatable levels by time:
     D:1: 191 daAuts
